Map: Terraformacja ER (Void)

Players

YogorōMōri

  • Race: Zerg Zerg
  • League: Diamond

MorDka - Winner!

  • Race: Protoss Protoss
  • League: Diamond

VOD

Have the link to the VOD?

Description

Time

  • Played on: Oct. 7, 2015, 9:23 a.m.
  • Length: 7:17
Show
View Real Time Build Order
Export as new Build Order

YogorōMōri Zerg 

Build Orders: Pool First 

Get SALT Encoding   

  12  0:02  Drone  
  13  0:11  Drone  
  14  0:21  Overlord  
  14  0:27  Extractor  
  13  0:28  Drone  
  15  0:41  Drone x2  
  17  0:56  Spawning Pool  
  16  1:01  Overlord  
  16  1:15  Hatchery  
  15  1:20  Drone  
  15  1:21  Drone  
  15  1:24  Drone  
  18  1:29  Extractor  
  17  1:42  Queen  
  17  1:43  Zergling x2  
  20  1:48  Drone  
  20  1:53  Drone  
  22  2:09  Drone  
  23  2:18  Drone, Queen  
  26  2:30  Metabolic Boost  
  26  2:32  Drone x2  
  28  2:40  Drone x2  
  30  2:47  Hatchery  
  30  2:48  Drone  
  30  2:52  Overlord  
  30  2:57  Queen  
  32  3:02  Drone x2  
  32  3:05  Drone  
  35  3:11  Drone x3  
  38  3:23  Drone x3  
  38  3:25  Roach Warren  
  39  3:37  Drone x4  
  39  3:38  Drone  
  43  3:42  Extractor  
  43  3:46  Drone  
  43  3:47  Drone  
  43  3:53  Overlord  
  43  3:54  Drone  
  44  3:59  Extractor  
  43  4:03  Drone x3  
  43  4:05  Roach x2  
  50  4:11  Roach x3  
  50  4:12  Roach  
  58  4:18  Overlord  
  58  4:20  Overlord  
  58  4:32  Overlord x2  
  58  4:37  Roach x4  
  68  4:38  Roach  
  68  4:42  Ravager  
  68  4:43  Zergling x4  
  71  4:49  Zergling x6  
  74  4:53  Ravager  
  74  4:56  Roach x2  
  79  5:01  Roach x2  
  79  5:07  Roach  
  85  5:10  Overlord x2  
  85  5:13  Ravager  
  84  5:14  Zergling x4  
  86  5:27  Zergling x4  
  86  5:28  Zergling x4  
  88  5:37  Roach x2  
  88  5:38  Roach x2  
  88  5:41  Zergling x10  
  96  5:44  Ravager  
  97  5:55  Roach x4  
  97  5:56  Roach, Zergling x2  
  98  5:57  Zergling x2  
  91  6:04  Roach x2  
  91  6:08  Roach x2  
  88  6:12  Ravager  
  88  6:14  Zergling x6  
  79  6:20  Roach  
  79  6:25  Roach x3  
  81  6:29  Roach  
  81  6:30  Roach  
  81  6:33  Roach  
  81  6:34  Roach  
  81  6:38  Roach  
  87  6:41  Roach  
  87  6:44  Roach  
  88  6:48  Roach  
  88  6:52  Roach  
  88  6:53  Roach  
  78  6:56  Roach  
  78  7:00  Zergling x2  
Show
View Real Time Build Order
Export as new Build Order

MorDka Protoss - Winner!

Build Orders:  

Get SALT Encoding   

  12  0:01  Probe (Chrono Boost)  
  13  0:11  Probe (Chrono Boost)  
  14  0:19  Pylon  
  14  0:22  Probe (Chrono Boost)  
  15  0:38  Probe (Chrono Boost)  
  16  0:48  Probe (Chrono Boost)  
  17  1:06  Nexus  
  17  1:10  Gateway  
  17  1:15  Probe (Chrono Boost)  
  18  1:19  Assimilator  
  18  1:25  Probe (Chrono Boost)  
  19  1:29  Assimilator  
  19  1:37  Probe (Chrono Boost)  
  20  1:47  Probe (Chrono Boost)  
  21  1:57  Cybernetics Core  
  21  1:58  Probe (Chrono Boost)  
  22  2:02  Pylon  
  23  2:08  Probe (Chrono Boost)  
  23  2:18  Probe (Chrono Boost)  
  23  2:19  Probe (Chrono Boost)  
  25  2:29  Probe x2 (Chrono Boost)  
  27  2:34  Robotics Facility  
  27  2:38  Adept (Chrono Boost)  
  27  2:39  Probe  
  27  2:40  Warp Gate  
  27  2:41  Probe  
  31  2:51  Probe  
  31  2:53  Probe  
  31  2:54  Pylon  
  33  3:03  Sentry (Chrono Boost), Probe  
  33  3:04  Probe  
  36  3:10  Twilight Council  
  37  3:15  Probe  
  37  3:16  Probe  
  39  3:21  Immortal (Chrono Boost)  
  43  3:36  Probe x2  
  45  3:41  Pylon  
  45  3:47  Resonating Glaives (Chrono Boost)  
  43  3:52  Immortal, Probe  
  44  4:00  Gateway x2  
  44  4:02  Gateway  
  48  4:09  Gateway  
  48  4:12  Gateway  
  48  4:17  Gateway  
  48  4:22  Gateway  
  48  4:26  Warp Prism  
  50  4:34  Pylon  
  50  4:38  Pylon  
  50  4:42  Pylon  
  50  4:50  Adept  
  52  4:57  Pylon  
  52  5:01  Observer  
  53  5:07  Adept  
  53  5:08  Adept x4  
  63  5:25  Adept x2  
  63  5:28  Adept x3  
  69  5:29  Adept x3  
  71  5:49  Adept  
  73  5:50  Adept x4  
  73  5:51  Adept  
  79  6:05  Adept x2  
  79  6:14  Adept x2  
  79  6:15  Adept x3  
  75  6:34  Adept x3  
  75  6:35  Adept x2  
  83  6:59  Adept  
  83  7:00  Adept x5  
Tags
 
Add a new tag
Caveats
  • Supply blocks, unpowered buildings, or Contaminate may cause inaccurate times.
  • Supply counts are checked every 10 seconds.